 Dungeon Crawl Stone Soup version 0.31-a0-931-g7b59d4eb97 (webtiles) character file.

Game seed: 17109819879552571293

71 protoss039 the Digger (level 4, 33/33 HPs)
             Began as a Demonspawn Earth Elementalist on Oct 19, 2023.
             Got out of the dungeon alive.
             The game lasted 00:02:30 (2103 turns).

protoss039 the Digger (DsEE)                        Turns: 2103, Time: 00:02:31

Health: 33/33      AC:  2    Str:  8    XL:     4   Next: 5%
Magic:  8/8        EV: 12    Int: 18    God:
Gold:   103        SH:  0    Dex: 14    Spells: 5/8 levels left

rFire   . . .        g - +2 whip (venom)
rCold   . . .        (no shield)
rNeg    . . .        a - +0 robe
rPois   .            (no helmet)
rElec   .            (no cloak)
rCorr   .            (no gloves)
SInv    .            (no boots)
Will    .....        j - amulet of regeneration
Stlth   ++           (no ring)
HPRegen 1.05/turn    (no ring)
MPRegen 0.22/turn

%: no passive effects
@: no status effects
A: spiny 1, magic regeneration, sanguine armour 1
a: no special abilities


You escaped.
You visited 1 branch of the dungeon, and saw 3 of its levels.

You collected 103 gold pieces.

Inventory:

Hand Weapons
 g - a +2 whip of venom (weapon)
Armour
 a - a +0 robe (worn)
Jewellery
 j - an amulet of regeneration (around neck)
Scrolls
 c - 2 scrolls of blinking {unknown}
 d - 2 scrolls of identify {unknown}
 h - 4 scrolls of amnesia {unknown}
 i - a scroll of revelation {unknown}
 p - a scroll of brand weapon {unknown}
Potions
 b - 3 potions of magic
 e - a potion of ambrosia {unknown}
 f - a potion of might {unknown}
 k - a potion of brilliance {unknown}
 l - a potion of berserk rage {unknown}
 m - a potion of lignification {unknown}
 n - a potion of attraction {unknown}
 o - a potion of heal wounds {unknown}


   Skills:
 + Level 2.0 Fighting
 - Level 1.7 Dodging
 - Level 1.7 Stealth
 + Level 2.8 Spellcasting
 - Level 0.8 Transmutations
 + Level 3.3 Earth Magic


You had 5 spell levels left.
You knew the following spells:

 Your Spells              Type           Power      Damage    Failure   Level
a - Sandblast             Erth           28%        2d8       4%          1
b - Passwall              Tmut/Erth      8%         N/A       11%         2

Your spell library contained the following spells:

 Spells                   Type           Power      Damage    Failure   Level
 Summon Small Mammal      Summ           8%         N/A       17%         1
 Stone Arrow              Conj/Erth      16%        3d8       26%         3
 Call Canine Familiar     Summ           2%         N/A       45%         3
 Summon Guardian Golem    Hex/Summ       2%         N/A       45%         3
 Petrify                  Tmut/Erth      10%        N/A       56%         4
 Brom's Barrelling Bould  Conj/Erth      8%         2d3       63%         4


Dungeon Overview and Level Annotations

Branches:
Dungeon (3/15) Zot: 15876

Altars:

Shops:
D:2 =

Annotations:
D:3 1 runed translucent door, Crazy Yiuf


Innate Abilities, Weirdness & Mutations

You are partially covered in sharp spines.
You regenerate magic rapidly.
When seriously injured, your blood forms armour. (AC +0)


Message History

The orc hits you but does no damage.
Unknown command.
Casting: Sandblast (safe; 4% risk of failure)
Confirm with . or Enter, or press ? or * to list all spells.
Aiming: Sandblast (safe; 4% risk of failure)
Press: ? - help, Shift-Dir - straight line, f - orc
Aim: an orc, wielding a +0 flail and wearing a +0 chain mail (lightly wounded, very poisoned, 87% to hit)
The blast of sand hits the orc!
You kill the orc!
You have reached level 4!
You feel agile.
Your demonic ancestry asserts itself...
Sharp spines emerge from parts of your body.
Unknown command.
Casting: Sandblast (safe; 4% risk of failure)
Confirm with . or Enter, or press ? or * to list all spells.
Aiming: Sandblast (safe; 4% risk of failure)
Press: ? - help, Shift-Dir - straight line, f - orc
Aim: an orc, wielding a +0 club and wearing a +0 leather armour (82% to hit)
The blast of sand hits the orc.
The orc is moderately wounded.
Your blood armour dries and flakes away.
The orc is struck by your spines.
You kill the orc!
No target in view!
Unknown command.
No target in view!
Unknown command.
What level of the Dungeon? (default 2, ? - help)
There is an open door here.
There is a stone staircase leading up here.
You climb upwards.
There is a stone staircase leading down here.
There is a stone staircase leading up here.
You climb upwards.
There is a stone staircase leading down here.
You see here a +0 dagger.
You open the door.
There is an open door here.
There is a staircase leading out of the dungeon here.
You have escaped!

##.###.# ###.### ##...## ### #)#
######..####### ##'## #.#
#.............####.##### #.#
#.#####'#####.##.......# #.#
#.#PPP#.#PPP#.##.#.###.# #.#
#.#P⌠P#.#P⌠P#.##....##.#
#.###.#PPP#.#PPP#.##........
#.....#####.#####.##....##.#
######.##..'....@....+....#...#.#
.......###.#####.#####.#........#
######## #.#PPP#.#PPP#.........##
#.#P⌠P#.#P⌠P#.###.....#
#.#PPP#.#PPP#.# ##...##
#.#####+#####.# #.###
#.............####.##
#######.#####.......# ########
#.......####..####


There were no monsters in sight!

Vanquished Creatures
  2 adders (D:2)
  2 worms
  3 orcs (D:3)
  4 endoplasms
  3 giant cockroaches (D:2)
  2 hobgoblins
  2 quokkas
  7 ball pythons
  3 bats
  8 frilled lizards
  3 goblins
  5 kobolds
  2 rats
46 creatures vanquished.

Notes
Turn   | Place    | Note
-------+----------+-------------------------------------------
     0 | D:1      | protoss039 the Demonspawn Earth Elementalist began the
                  | quest for the Orb.
     0 | D:1      | Reached XP level 1. HP: 13/13 MP: 3/3
   489 | D:1      | Gained mutation: When seriously injured, your blood forms
                  | armour. (AC +0) [demonic ancestry]
   489 | D:1      | Reached XP level 2. HP: 20/20 MP: 5/5
   621 | D:1      | Reached skill level 1 in Fighting
   814 | D:1      | Reached skill level 3 in Earth Magic
   902 | D:1      | Learned a level 2 spell: Passwall
  1033 | D:2      | Gained mutation: You regenerate magic rapidly. [demonic
                  | ancestry]
  1033 | D:2      | Reached XP level 3. HP: 26/26 MP: 6/6
  1173 | D:2      | Found Guicoo's Jewellery Shop.
  1245 | D:2      | Found a faded altar of an unknown god.
  1834 | D:3      | Found a runed translucent door.
  1835 | D:3      | Noticed Crazy Yiuf
  2013 | D:3      | Gained mutation: You are partially covered in sharp spines.
                  | [demonic ancestry]
  2013 | D:3      | Reached XP level 4. HP: 24/33 MP: 6/8
  2103 | D:$      | Got out of the dungeon alive.

Illustrated notes

Levels and vault maps discovered:
D:1:      beargit_arrival_greenhouse, layout_loops_corners
D:2:      layout_basic, serial_shops, shop, shapermc_ecumenical_altar_pompeii,
          st_stairs_8
D:3:      layout_loops_corners, uniq_crazy_yiuf_cottage

Skill      XL: |  1  2  3 |
---------------+----------+-----
Fighting       | 1 2 |  2.0
Earth Magic    | 3 |  3.3
Dodging        | |  1.7
Stealth        | |  1.7
Spellcasting   | |  2.8
Transmutations | |  0.8

Action                     |  1- 3 |  4- 6 || total
---------------------------+-------+-------++-------
  Melee: Whip              |    78 |       ||    78
         Punch             |     1 |       ||     1
   Cast: Sandblast         |    26 |     1 ||    27
   Stab: Sleeping          |     2 |       ||     2
 Armour: Robe              |    56 |       ||    56
  Dodge: Dodged            |    62 |       ||    62

Table legend: (Time is in decaauts)
 A = Elapsed time spent in this place.
 B = Non-inter-level travel time spent in this place.
 C = Inter-level travel time spent in this place.
 D = Time resting spent in this place.
 E = Time spent auto-exploring this place.
 F = Levels seen in this place.
 G = Mean time per level.
                   A        B        C        D        E       F      G
               +--------+--------+--------+--------+--------+-----+--------+
         Total |   2123 |   2016 |    107 |     17 |   1669 |   3 |  707.7 |
       Dungeon |   2123 |   2016 |    107 |     17 |   1669 |   3 |  707.7 |
               +--------+--------+--------+--------+--------+-----+--------+

Top non-repeatable levels by time:
     D:1: 951 daAuts
     D:2: 703 daAuts
     D:3: 469 daAuts
